 Dungeon Crawl Stone Soup version 0.28-a0-1404-g4df0f3684d (webtiles) character file.

Game seed: 16892959512377154121

98 frimble the Cutter (level 4, 0/33 HPs)
             Began as a Demonspawn Warper on Jan 6, 2022.
             Succumbed to an adder's poison
             ... on level 2 of the Dungeon.
             The game lasted 00:02:23 (1948 turns).

frimble the Cutter (Demonspawn Warper)              Turns: 1948, Time: 00:02:23

Health: 0/33       AC:  3    Str: 11    XL:     4   Next: 44%
Magic:  7/7        EV: 12    Int: 16    God:
Gold:   83         SH:  0    Dex: 13    Spells: 7/7 levels left

rFire   . . .      SeeInvis .   a - +0 short sword
rCold   . . .      Faith    .   (no shield)
rNeg    . . .      Spirit   .   b - +0 leather armour
rPois   .          Reflect  .   (no helmet)
rElec   .          Harm     .   (no cloak)
rCorr   .          Rampage  .   (no gloves)
Will    .....                   (no boots)
Stlth   +.........              (no amulet)
HPRegen 0.11/turn               (no ring)
MPRegen 0.10/turn               (no ring)

@: lethally poisoned (0 -> -1)
A: powered by pain 1
a: no special abilities


You were on level 2 of the Dungeon.
You visited 1 branch of the dungeon, and saw 3 of its levels.

You collected 83 gold pieces.

Inventory:

Hand Weapons
 a - a +0 short sword (weapon)
Missiles
 d - 3 boomerangs (quivered)
Armour
 b - a +0 leather armour (worn)
 h - a +0 buckler
Jewellery
 c - an amulet of regeneration


   Skills:
 - Level 2.0 Fighting
 + Level 3.2 Short Blades
 - Level 0.8 Throwing
 - Level 0.8 Armour
 - Level 2.6 Dodging
 + Level 1.5 Shields
 - Level 2.0 Spellcasting
 - Level 2.6 Translocations


You had 7 spell levels left.
You didn't know any spells.
Your spell library contained the following spells:

 Spells                   Type           Power      Damage    Failure   Level
 Blink                    Tloc           20%        N/A       14%         2
 Gell's Gravitas          Tloc           10%        N/A       26%         3
 Lesser Beckoning         Tloc           10%        N/A       26%         3
 Teleport Other           Tloc           10%        N/A       26%         3
 Manifold Assault         Tloc           10%        N/A       94%         5


Dungeon Overview and Level Annotations

Branches:
Dungeon (3/15)

Altars:

Annotations:
D:2 Natasha


Innate Abilities, Weirdness & Mutations

You sometimes gain a little power by taking damage.


Message History

You feel sick.
The crimson imp disappears in a puff of smoke!
The adder barely misses you.
You aren't carrying any potions.
You aren't carrying any scrolls.
You don't know any spells.
Sorry, you're not good enough to have a special ability.
Throw: 4 boomerangs
Press: ? - help, Q - select action Shift-Dir - straight line, f/p - Natasha
Aim: Natasha (50% to hit)
You throw a boomerang.
The boomerang hits the adder but does no damage.
The adder is heavily wounded.
* * * LOW HITPOINT WARNING * * *
You feel sick. The adder misses you.
Natasha mumbles some strange words.
You feel disoriented. The adder barely misses you.
Throw: 4 boomerangs
Press: ? - help, Q - select action Shift-Dir - straight line, f/p - Natasha
Aim: Natasha (50% to hit)
You throw a boomerang. The boomerang hits the adder.
The adder is severely wounded.
You feel sick. The adder barely misses you.
Natasha mumbles some strange words.
Throw: 4 boomerangs
Press: ? - help, Q - select action Shift-Dir - straight line, f/p - Natasha
Aim: Natasha (50% to hit)
You throw a boomerang. The boomerang closely misses the adder.
The boomerang hits Natasha.
Natasha is moderately wounded.
You feel sick. The adder bites you but does no damage. The adder bites you.
* * * LOW HITPOINT WARNING * * *
Throw: 3 boomerangs
Press: ? - help, Q - select action Shift-Dir - straight line, f/p - Natasha
Aim: Natasha (moderately wounded, 50% to hit)
You throw a boomerang.
The boomerang hits the adder but does no damage.
The adder is severely wounded.
You die...

##### #...# #### #...#
...#########...##########
...'.......'....@Sh5....#
...##.######...####5#####
...##.# #####....#
#####.# .......5......#
#.# ..........###.# #.#
............ #.#
.....#....... #.#
######....#.## ### #.#
#....#.#


You could see Natasha, a crimson imp (summoned), an adder and a white imp
(summoned).

Vanquished Creatures
  A hound (D:2)
  Natasha (D:2)
  An adder (D:2)
  An ufetubus (D:2)
  3 ball pythons
  5 bats
  4 endoplasms (D:2)
  3 goblins
  A hobgoblin (D:1)
  A jackal (D:2)
  A quokka (D:2)
  3 frilled lizards
  A kobold (D:1)
  3 rats
29 creatures vanquished.

Notes
Turn   | Place    | Note
-------+----------+-------------------------------------------
     0 | D:1      | frimble the Demonspawn Warper began the quest for the Orb.
     0 | D:1      | Reached XP level 1. HP: 16/16 MP: 3/3
   219 | D:1      | Reached skill level 2 in Short Blades
   494 | D:1      | Gained mutation: You sometimes gain a little power by
                  | taking damage. [demonic ancestry]
   494 | D:1      | Reached XP level 2. HP: 22/22 MP: 5/5
   980 | D:2      | Reached XP level 3. HP: 19/27 MP: 6/6
  1208 | D:2      | Reached skill level 3 in Short Blades
  1208 | D:2      | Reached skill level 1 in Shields
  1273 | D:2      | Reached XP level 4. HP: 33/33 MP: 7/7
  1429 | D:2      | Noticed Natasha
  1452 | D:2      | Killed Natasha
  1928 | D:2      | Noticed Natasha
  1947 | D:2      | HP: 1/33 [adder (2)]
  1948 | D:2      | Succumbed to an adder's poison

Illustrated notes

Levels and vault maps discovered:
D:1:      shiori_shiawase, layout_basic
D:2:      layout_basic, st_stairs_3, minmay_small_reverse_x, uniq_natasha
D:3:      layout_rooms

Skill      XL: |  1  2  3 |
---------------+----------+-----
Short Blades   | 2 3 |  3.2
Dodging        | 2 |  2.6
Shields        | 1 |  1.5
Fighting       | |  2.0
Throwing       | |  0.8
Armour         | |  0.8
Spellcasting   | |  2.0
Translocations | |  2.6

Action                   |  1- 3 |  4- 6 || total
-------------------------+-------+-------++-------
Melee: Short sword       |    99 |    47 ||   146
       Punch             |     1 |     1 ||     2
Throw: Boomerang         |     5 |     8 ||    13
  Use: Potion            |     3 |       ||     3
       Scroll            |     2 |     1 ||     3
 Stab: Sleeping          |     2 |       ||     2
Armor: Leather armour    |    33 |    20 ||    53
Dodge: Dodged            |   116 |    42 ||   158

Table legend: (Time is in decaauts)
 A = Elapsed time spent in this place.
 B = Non-inter-level travel time spent in this place.
 C = Inter-level travel time spent in this place.
 D = Time resting spent in this place.
 E = Time spent auto-exploring this place.
 F = Levels seen in this place.
 G = Mean time per level.
                   A        B        C        D        E       F      G
               +--------+--------+--------+--------+--------+-----+--------+
         Total |   1958 |   1958 |      0 |    184 |   1443 |   3 |  652.7 |
       Dungeon |   1958 |   1958 |      0 |    184 |   1443 |   3 |  652.7 |
               +--------+--------+--------+--------+--------+-----+--------+

Top non-repeatable levels by time:
     D:2: 1349 daAuts
     D:1: 601 daAuts
     D:3: 7 daAuts
